 Dungeon Crawl Stone Soup version 0.26.1-11-gd32895ea62 (webtiles) character file.

Game seed: 16315124425800281144

931 Arcadio the Cudgeller (level 7, 0/60 HPs)
             Began as a Palentonga Abyssal Knight on May 22, 2021.
             Was a Priest of Lugonu.
             Splashed by a jelly's acid (10 damage)
             ... on level 5 of the Dungeon.
             The game lasted 00:21:33 (12956 turns).

Arcadio the Cudgeller (Palentonga Abyssal Knight)  Turns: 12956, Time: 00:21:35

Health: 0/60       AC: -4    Str: 17    XL:     7   Next: 86%
Magic:  3/3        EV: 10    Int: 12    God:    Lugonu [***...]
Gold:   253        SH:  0    Dex: 10    Spells: 6/9 levels left

rFire    . . .     SeeInvis +   g - +1 whip (antimagic)
rCold    . . .     Faith    .   (no shield)
rNeg     . . .     Spirit   .   j - +3 leather armour {Will+}
rPois    .         Reflect  .   (no helmet)
rElec    .         Harm     .   (no cloak)
rCorr    .         Rampage  .   (no gloves)
Will     +....                  (no barding)
Stlth    +.........             (no amulet)
HPRegen  0.20/turn              (no ring)
MPRegen  0.08/turn              (no ring)

@: corroded, curled up
A: large, rugged brown scales 3, see invisible, deformed body, roll 1, armoured
tail, reflexive curl
a: Rolling Charge, Renounce Religion, Depart the Abyss, Bend Space, Banish


You were on level 5 of the Dungeon.
You worshipped Lugonu.
Lugonu was most pleased with you.
You visited 1 branch of the dungeon, and saw 6 of its levels.
You visited the Abyss 1 time.

You collected 253 gold pieces.

Inventory:

Hand Weapons
 a - a +1 falchion
 g - a +1 antimagic whip (weapon)
 i - a +0 mace of holy wrath
 o - a +0 hunting sling
Missiles
 f - 49 poisoned darts (quivered)
Armour
 b - a +1 leather armour
 j - a +3 leather armour of willpower (worn)
 v - a +2 hat
Wands
 m - a wand of flame (16)
 n - a wand of iceblast (9)
 s - a wand of digging (9)
 t - a wand of polymorph (8)
Scrolls
 e - a scroll of fog
 h - 2 scrolls of remove curse
 k - a scroll of blinking {unknown}
 q - a scroll of random uselessness {unknown}
Potions
 c - a potion of cancellation
 d - a potion of mutation {unknown}
 l - a potion of brilliance
 p - a potion of flight {unknown}
 r - a potion of berserk rage {unknown}
 u - a potion of might {unknown}
 w - a potion of lignification {unknown}


   Skills:
 - Level 3.0 Fighting
 - Level 2.5 Long Blades
 + Level 4.5 Maces & Flails
 - Level 3.9 Armour
 + Level 4.0 Dodging
 + Level 1.7 Spellcasting
 + Level 3.3 Invocations


You had 6 spell levels left.
You knew the following spells:

 Your Spells              Type           Power        Failure   Level
a - Corona                Hex            1%           32%         1
b - Animate Skeleton      Necr           2%           32%         1
c - Apportation           Tloc           2%           32%         1

Your spell library contained the following spells:

 Spells                   Type           Power        Failure   Level
 Sting                    Tmut/Pois      4%           32%         1
 Summon Small Mammal      Summ           4%           32%         1
 Poisonous Vapours        Pois/Air       2%           45%         2
 Ignite Poison            Fire/Tmut/Pois 1%           69%         3
 Mephitic Cloud           Conj/Pois/Air  1%           69%         3
 Olgreb's Toxic Radiance  Pois           1%           97%         4


Dungeon Overview and Level Annotations

Branches:
Dungeon (6/15)
 Temple: D:4-7

Altars:
Elyvilon
Fedhas
Nemelex Xobeh
Sif Muna
Trog
Vehumet
Wu Jian
Xom

Annotations:
D:6 Prince Ribbit


Innate Abilities, Weirdness & Mutations

You are completely covered in rugged brown scales. (AC +3, +7% HP)
You have supernaturally acute eyesight. (SInv)
Armour fits poorly on your strangely shaped body.
You can roll at nearby foes to attack.
You have a long armoured tail.
You curl defensively after being hit.


Message History

The jelly is heavily wounded.
The jelly hits you. The acid corrodes you!
You are splashed with acid!
You hit the jelly.
Your hands burn!
The jelly is severely wounded.
The jelly hits you. The acid corrodes you!
You are splashed with acid!
You hit the jelly but do no damage. The acid corrodes you!
Your hands burn!
The jelly is severely wounded.
The jelly jiggles.
The jelly barely misses you.
You hit the jelly.
Your hands burn!
The jelly is almost dead.
The jelly hits you. The acid corrodes you!
You are splashed with acid!
* * * LOW HITPOINT WARNING * * *
You hit the jelly but do no damage.
Your hands burn!
* * * LOW HITPOINT WARNING * * *
The jelly is almost dead.
The jelly hits you.
* * * LOW HITPOINT WARNING * * *
The acid corrodes you!
You are splashed with acid!
You die...

......# #........#######.##.##
#.....###........# #.##.#
.......##........# #.##.#
_.#^.............# #.##.#
.......##........#######.##.#
#.........................#.#
....##.##........##########.##
...............J)[.........<.#
................@##########.##
######.########### #.# # #.#
#.# # #.# #.# ######.## #.#
....#...# #.# 8.8.#...# #.#
._..'...# #.# 8.8.##.## #.#


You could see a jelly.

Vanquished Creatures
  Blork the orc (D:4)
  2 scorpions
  3 hounds
  2 centaur skeletons
  3 orc wizards (D:5)
  4 iguanas
  Natasha (thrice) (D:4)
  3 worker ants
  A hound zombie (D:5)
  A howler monkey zombie (D:6)
  3 gnolls
  A howler monkey skeleton (D:4)
  7 adders
  A white imp (D:6)
  An ooze (D:3)
  4 worms
  A dart slug (D:1)
  3 leopard geckos
  19 orcs
  5 ball pythons
  A giant cockroach (D:3)
  6 hobgoblins
  14 jackals
  2 quokkas
  6 bats
  2 frilled lizards
  9 goblins
  A jackal skeleton (D:4)
  A jackal zombie (D:4)
  17 kobolds
  9 rats
136 creatures vanquished.

Notes
Turn   | Place    | Note
-------+----------+-------------------------------------------
     0 | Abyss:1  | Arcadio the Palentonga Abyssal Knight began the quest for
                  | the Orb.
     0 | Abyss:1  | Reached XP level 1. HP: 20/20 MP: 2/2
   106 | Abyss:1  | Noticed a starcursed mass
   131 | Abyss:1  | Noticed a sixfirhy
   135 | D:1      | Escaped the Abyss
   492 | D:1      | Reached * piety under Lugonu
   502 | D:1      | Reached skill level 1 in Dodging
   753 | D:1      | Reached XP level 2. HP: 27/27 MP: 3/3
  1720 | D:2      | Found a bloodstained altar of Trog.
  2008 | D:1      | Reached XP level 3. HP: 29/33 MP: 1/4
  2193 | D:2      | Reached ** piety under Lugonu
  2366 | D:2      | Found an ornate altar of the Wu Jian Council.
  2442 | D:2      | Reached skill level 1 in Maces & Flails
  2692 | D:2      | Reached XP level 4. HP: 40/40 MP: 1/5
  3076 | D:2      | Found a white marble altar of Elyvilon.
  4638 | D:3      | Reached XP level 5. HP: 22/48 MP: 2/6
  5225 | D:3      | Found a blossoming altar of Fedhas.
  5544 | D:4      | Found a sparkling altar of Nemelex Xobeh.
  6817 | D:4      | Noticed Natasha
  6835 | D:4      | Killed Natasha
  6836 | D:4      | Reached XP level 6. HP: 37/54 MP: 2/7
  7391 | D:4      | Reached *** piety under Lugonu
  7403 | D:4      | Noticed Blork the orc
  7419 | D:4      | Killed Blork the orc
  7807 | D:4      | Noticed Natasha
  7836 | D:4      | Killed Natasha
  8326 | D:4      | Noticed Natasha
  8336 | D:4      | Killed Natasha
  8462 | D:4      | Gained mutation: You curl defensively after being hit.
                  | [Palentonga growth]
  8462 | D:4      | Reached XP level 7. HP: 40/60 MP: 2/8
  8599 | D:4      | Found a shimmering blue altar of Sif Muna.
  9357 | D:5      | Entered Level 5 of the Dungeon
  9535 | D:5      | Found a shimmering altar of Xom.
  9541 | D:5      | Found a radiant altar of Vehumet.
 10705 | D:5      | Reached skill level 1 in Spellcasting
 11487 | D:6      | Noticed Prince Ribbit
 12492 | D:6      | Learned a level 1 spell: Corona
 12494 | D:6      | Learned a level 1 spell: Animate Skeleton
 12496 | D:6      | Learned a level 1 spell: Apportation
 12956 | D:5      | Splashed by a jelly's acid

Illustrated notes

Levels and vault maps discovered:
D:1:      lightli_arrival_statue_moat, layout_loops_corners
D:2:      layout_rooms, nzn_wu_jian_contemplation, bloody_trog,
          lemuel_doored_altar, hex_large
D:3:      layout_rooms, fedhas_altar_1, hangedman_feature_mirror
D:4:      layout_basic, kennysheep_mini, nemelex_lonely_heart_becter,
          uniq_blork_the_orc, uniq_natasha
D:5:      layout_basic, vehumet_altar_wand_db, kennysheep_little_box
D:6:      minmay_chambers_of_fours, layout_basic, lemuel_crystal_altar,
          nicolae_overflow_crystal_walls, uniq_prince_ribbit1

Skill      XL: |  1  2  3  4  5  6  7 |
---------------+----------------------+-----
Dodging        | 1 2 3 4 |  4.0
Armour         | 2 3 |  3.9
Maces & Flails | 1 2 3 4 |  4.5
Spellcasting   | 1 |  1.7
Invocations    | 3 |  3.3
Fighting       | |  3.0
Long Blades    | |  2.5

Action                   |  1- 3 |  4- 6 |  7- 9 || total
-------------------------+-------+-------+-------++-------
Melee: Falchion          |    47 |       |       ||    47
       Tailslap          |     9 |    23 |    26 ||    58
       Whip              |    80 |   331 |   203 ||   614
Throw: Dart              |       |     5 |     2 ||     7
Invok: Depart the Abyss  |     1 |       |       ||     1
 Abil: Rolling Charge    |       |     3 |       ||     3
  Use: Scroll            |     4 |     6 |     2 ||    12
       Potion            |       |     1 |       ||     1
Armor: Leather armour    |    64 |   123 |    62 ||   249
Dodge: Dodged            |    70 |   171 |   113 ||   354
       Rpst.: Falchion   |     7 |       |       ||     7
